MID
LAKEWOOD BLUECLAWS @ BINGHAMTON METS
06/14/2049
 
TOP OF THE 1ST
Lakewood BlueClaws batting - Pitching for Binghamton Mets : RHP Todd Cox
Pitching: RHP Todd Cox
Batting: LHB Matt Urbanek 0-0: Called Strike
0-1: Called Strike
0-2: Strikes out looking
Batting: RHB Kyle Reilly 0-0: Fly out, F9 (Flyball, 9D, EV 99.4 MPH)
Batting: LHB Josh George 0-0: Called Strike
0-1: Foul Ball, location: 2F
0-2: SINGLE (Groundball, 34D, EV 96.9 MPH)
Batting: RHB Mike Maserang 0-0: Ball
1-0: Ball
2-0: 2-RUN HOME RUN (Flyball, 7LD, EV 96.2 MPH), Distance : 353 ft
Batting: SHB Brett St. Clair 0-0: Ball
1-0: Ground out 3-1 (Groundball, 34, EV 91.2 MPH)
Top of the 1st over - 2 runs, 2 hits, 0 errors, 0 left on base; Lakewood 2 - Binghamton 0
BOTTOM OF THE 1ST
Binghamton Mets batting - Pitching for Lakewood BlueClaws : RHP Tony Machado
Pitching: RHP Tony Machado
Batting: SHB Tyler Maddux 0-0: Fly out, F7 (Flyball, 7LS, EV 91.9 MPH)
Batting: SHB Nick Daigle 0-0: Called Strike
0-1: SINGLE (Flyball, 7LS, EV 88.8 MPH)
Batting: RHB Oscar Bravo 0-0: Ball
1-0: Swinging Strike
1-1: Ball
2-1: Called Strike
2-2: Ball
3-2: Base on Balls
Nick Daigle to second
Batting: RHB Enrique Aguirre 0-0: Ball
1-0: Ball
2-0: Foul Ball, location: 2F
2-1: SINGLE (Line Drive, 56D, EV 98.1 MPH)
Nick Daigle to third
Oscar Bravo to second
Batting: RHB Sam Callahan 0-0: Ball
1-0: Ball
2-0: Called Strike
2-1: Foul Ball, location: 2F
2-2: Strikes out swinging
Batting: RHB Jake Geib 0-0: Fielders Choice at 2nd, 6-4 (Groundball, 6, EV 91.9 MPH)
Bottom of the 1st over - 0 runs, 2 hits, 0 errors, 3 left on base; Lakewood 2 - Binghamton 0
TOP OF THE 2ND
Lakewood BlueClaws batting - Pitching for Binghamton Mets : RHP Todd Cox
Batting: LHB Eric Farren 0-0: Ball
1-0: Reached on error, E4 (Groundball, 4, EV 101.9 MPH)
Batting: RHB Juan Valadez 0-0: Called Strike
0-1: Ball
Eric Farren is caught stealing 2nd base 2-4
1-1: Called Strike
1-2: Ball
2-2: Ball
3-2: Ground out 6-3 (Groundball, 56, EV 86.9 MPH)
Batting: RHB Trent Hedrick 0-0: Called Strike
0-1: Ground out 6-3 (Groundball, P, EV 87.5 MPH)
Top of the 2nd over - 0 runs, 0 hits, 1 error, 0 left on base; Lakewood 2 - Binghamton 0
BOTTOM OF THE 2ND
Binghamton Mets batting - Pitching for Lakewood BlueClaws : RHP Tony Machado
Batting: LHB Jeremy Moorehead 0-0: Called Strike
0-1: Fly out, F6 (Line Drive, 56D, EV 66.9 MPH)
Batting: RHB Ryan Marler 0-0: Ball
1-0: Ball
2-0: Foul Ball, location: 2F
2-1: Foul Ball, location: 2F
2-2: Ground out 5-3 (Groundball, 56, EV 80.0 MPH)
Batting: RHB Reginald McDougall 0-0: Called Strike
0-1: SINGLE (Groundball, 5D, EV 102.5 MPH)
Batting: SHB Tyler Maddux 0-0: Called Strike
0-1: Foul Ball, location: 2F
0-2: Ball
1-2: Ball
2-2: Foul Ball, location: 2F
2-2: SINGLE (Groundball, 4D, EV 94.4 MPH)
Reginald McDougall to second
Reginald McDougall to third
Batting: SHB Nick Daigle 0-0: Called Strike
0-1: Foul Ball, location: 2F
0-2: Foul Ball, location: 2F
0-2: SINGLE (Groundball, 6MD, EV 108.8 MPH)
Reginald McDougall scores
Tyler Maddux to second
Runner from 2nd tries for 3rd, SAFE, no throw by CF
Batting: RHB Oscar Bravo 0-0: Fly out, F7 (Flyball, 7, EV 79.4 MPH)
Bottom of the 2nd over - 1 run, 3 hits, 0 errors, 2 left on base; Lakewood 2 - Binghamton 1
TOP OF THE 3RD
Lakewood BlueClaws batting - Pitching for Binghamton Mets : RHP Todd Cox
Batting: RHB Danny Habermehl 0-0: Ball
1-0: Ground out 2-3 (Groundball, 2L, EV 71.9 MPH)
Batting: LHB Matt Urbanek 0-0: Ball
1-0: Swinging Strike
1-1: Ball
2-1: Foul Ball, location: 2F
2-2: Ball
3-2: Strikes out swinging
Batting: RHB Kyle Reilly 0-0: Called Strike
0-1: Ball
1-1: Swinging Strike
1-2: Foul Ball, location: 2F
1-2: Foul Ball, location: 2F
1-2: Ball
2-2: Ground out 6-3 (Groundball, 6, EV 101.9 MPH)
Top of the 3rd over - 0 runs, 0 hits, 0 errors, 0 left on base; Lakewood 2 - Binghamton 1
BOTTOM OF THE 3RD
Binghamton Mets batting - Pitching for Lakewood BlueClaws : RHP Tony Machado
Batting: RHB Enrique Aguirre 0-0: Swinging Strike
0-1: Foul Ball, location: 2F
0-2: Foul Ball, location: 2F
0-2: Strikes out swinging
Batting: RHB Sam Callahan 0-0: Swinging Strike
0-1: Called Strike
0-2: Strikes out swinging
Batting: RHB Jake Geib 0-0: Ground out 6-3 (Groundball, 6, EV 81.9 MPH)
Bottom of the 3rd over - 0 runs, 0 hits, 0 errors, 0 left on base; Lakewood 2 - Binghamton 1
TOP OF THE 4TH
Lakewood BlueClaws batting - Pitching for Binghamton Mets : RHP Todd Cox
Batting: LHB Josh George 0-0: Called Strike
0-1: Fly out, F5 (Popup, 5SF, EV 73.1 MPH)
Batting: RHB Mike Maserang 0-0: SOLO HOME RUN (Flyball, 78XD, EV 106.2 MPH), Distance : 400 ft
Batting: SHB Brett St. Clair 0-0: Foul Ball, location: 2F
0-1: Ball
1-1: Hit by Pitch
Batting: LHB Eric Farren 0-0: Called Strike
0-1: Grounds into double play, 6-4-3 (Groundball, 6, EV 85.6 MPH)
Top of the 4th over - 1 run, 1 hit, 0 errors, 0 left on base; Lakewood 3 - Binghamton 1
BOTTOM OF THE 4TH
Binghamton Mets batting - Pitching for Lakewood BlueClaws : RHP Tony Machado
Batting: LHB Jeremy Moorehead 0-0: Ball
1-0: Foul Ball, location: 2F
1-1: Reached on error, E6 (Groundball, 56, EV 106.9 MPH)
Batting: RHB Ryan Marler 0-0: Called Strike
0-1: Ball
1-1: Swinging Strike
1-2: Ball
2-2: Strikes out swinging
Batting: RHB Reginald McDougall 0-0: Foul Ball, location: 2F
0-1: SINGLE (Line Drive, 78S, EV 95.6 MPH)
Jeremy Moorehead to third
Batting: SHB Tyler Maddux 0-0: Swinging Strike
0-1: Ball
Reginald McDougall is caught stealing 2nd base 2-6
1-1: Foul Ball, location: 2F
1-2: Strikes out swinging
Bottom of the 4th over - 0 runs, 1 hit, 1 error, 1 left on base; Lakewood 3 - Binghamton 1
TOP OF THE 5TH
Lakewood BlueClaws batting - Pitching for Binghamton Mets : RHP Todd Cox
Batting: RHB Juan Valadez 0-0: Ball
1-0: Fly out, F7 (Flyball, 7S, EV 86.2 MPH)
Batting: RHB Trent Hedrick 0-0: Ball
1-0: Foul Ball, location: 2F
1-1: SINGLE (Flyball, 56D, EV 85.6 MPH)
Batting: RHB Danny Habermehl 0-0: Swinging Strike
0-1: Swinging Strike
0-2: Strikes out swinging
Batting: LHB Matt Urbanek 0-0: Foul Ball, location: 2F
0-1: Ball
1-1: Fly out, F8 (Flyball, 8LS, EV 86.2 MPH)
Top of the 5th over - 0 runs, 1 hit, 0 errors, 1 left on base; Lakewood 3 - Binghamton 1
BOTTOM OF THE 5TH
Binghamton Mets batting - Pitching for Lakewood BlueClaws : RHP Tony Machado
Batting: SHB Nick Daigle 0-0: Ball
1-0: Ball
2-0: Ball
3-0: Base on Balls
Pitching: RHP Gregorio Padilla
Batting: RHB Oscar Bravo 0-0: Called Strike
0-1: Ball
Nick Daigle is caught stealing 2nd base 2-4
1-1: Called Strike
1-2: Ball
2-2: Strikes out swinging
Batting: RHB Enrique Aguirre 0-0: Foul Ball, location: 2F
0-1: Called Strike
0-2: Ball
1-2: Ball
2-2: Foul Ball, location: 2F
2-2: Ball
3-2: Base on Balls
Batting: RHB Sam Callahan 0-0: Called Strike
0-1: Foul Ball, location: 2F
0-2: Ball
1-2: Ball
2-2: Ball
Enrique Aguirre is caught stealing 2nd base 2-4
Bottom of the 5th over - 0 runs, 0 hits, 0 errors, 0 left on base; Lakewood 3 - Binghamton 1
TOP OF THE 6TH
Lakewood BlueClaws batting - Pitching for Binghamton Mets : RHP Todd Cox
Batting: RHB Kyle Reilly 0-0: Ball
1-0: Ball
2-0: Ball
3-0: Called Strike
3-1: Ground out 6-3 (Groundball, 6, EV 81.9 MPH)
Batting: LHB Josh George 0-0: Ball
1-0: Foul Ball, location: 2F
1-1: Ball
2-1: Swinging Strike
2-2: Strikes out swinging, 2-3 out at first.
Batting: RHB Mike Maserang 0-0: Called Strike
0-1: Ball
1-1: Ball
2-1: Called Strike
2-2: Foul Ball, location: 2F
2-2: Foul Ball, location: 2F
2-2: Foul Ball, location: 2F
2-2: Foul Ball, location: 2F
2-2: Ground out 1-3 (Groundball, 34S, EV 70.0 MPH)
Top of the 6th over - 0 runs, 0 hits, 0 errors, 0 left on base; Lakewood 3 - Binghamton 1
BOTTOM OF THE 6TH
Binghamton Mets batting - Pitching for Lakewood BlueClaws : RHP Gregorio Padilla
Batting: RHB Sam Callahan 0-0: Fly out, F7 (Line Drive, 7LS, EV 93.1 MPH)
Batting: RHB Jake Geib 0-0: Foul Ball, location: 2F
0-1: Foul Ball, location: 2F
0-2: Strikes out looking
Batting: LHB Jeremy Moorehead 0-0: Called Strike
0-1: Foul Ball, location: 2F
0-2: Ground out 5-3 (Groundball, 15, EV 81.9 MPH)
Bottom of the 6th over - 0 runs, 0 hits, 0 errors, 0 left on base; Lakewood 3 - Binghamton 1
TOP OF THE 7TH
Lakewood BlueClaws batting - Pitching for Binghamton Mets : RHP Todd Cox
Batting: SHB Brett St. Clair 0-0: Ground out U3 (Groundball, 23, EV 89.4 MPH)
Batting: LHB Eric Farren 0-0: DOUBLE (Groundball, 3L, EV 95.6 MPH)
Batting: RHB Juan Valadez 0-0: Called Strike
0-1: Ball
1-1: Ball
2-1: Ball
3-1: Base on Balls
Batting: RHB Trent Hedrick 0-0: Fly out, F9 (Flyball, 9, EV 83.1 MPH)
Batting: RHB Danny Habermehl 0-0: Ball
1-0: Foul Ball, location: 2F
1-1: Swinging Strike
1-2: Ball
2-2: Ball
3-2: Fly out, F8 (Flyball, 8LM, EV 86.2 MPH)
Top of the 7th over - 0 runs, 1 hit, 0 errors, 2 left on base; Lakewood 3 - Binghamton 1
BOTTOM OF THE 7TH
Binghamton Mets batting - Pitching for Lakewood BlueClaws : RHP Gregorio Padilla
Batting: RHB Ryan Marler 0-0: Ball
1-0: Foul Ball, location: 2F
1-1: Ball
2-1: Called Strike
2-2: Fly out, F8 (Flyball, 8LD, EV 87.5 MPH)
Batting: RHB Reginald McDougall 0-0: Fly out, F8 (Flyball, 8RD, EV 103.1 MPH)
Batting: SHB Tyler Maddux 0-0: Ball
1-0: DOUBLE (Groundball, 3L, EV 101.9 MPH)
Batting: SHB Nick Daigle 0-0: Foul Ball, location: 2F
0-1: Foul Ball, location: 2F
0-2: Foul Ball, location: 2F
0-2: Ball
1-2: Foul Ball, location: 2F
1-2: Ball
2-2: DOUBLE (Line Drive, 9LM, EV 108.8 MPH)
Tyler Maddux scores
Batting: RHB Oscar Bravo 0-0: Ball
1-0: Ball
2-0: Foul Ball, location: 2F
2-1: Ground out 1-3 (Groundball, 13S, EV 60.6 MPH)
Bottom of the 7th over - 1 run, 2 hits, 0 errors, 1 left on base; Lakewood 3 - Binghamton 2
TOP OF THE 8TH
Lakewood BlueClaws batting - Pitching for Binghamton Mets : RHP Todd Cox
Pitching: LHP Scott Carr
Batting: LHB Matt Urbanek 0-0: Ball
1-0: SINGLE (Line Drive, 9S, EV 90.6 MPH)
Batting: RHB Kyle Reilly 0-0: Called Strike
Matt Urbanek is caught stealing 2nd base 2-4
0-1: Swinging Strike
0-2: Ball
1-2: Ball
2-2: Ground out 4-3 (Groundball, 4, EV 93.8 MPH)
Batting: LHB Josh George 0-0: Ball
1-0: Fly out, F9 (Line Drive, 9, EV 102.5 MPH)
Top of the 8th over - 0 runs, 1 hit, 0 errors, 0 left on base; Lakewood 3 - Binghamton 2
BOTTOM OF THE 8TH
Binghamton Mets batting - Pitching for Lakewood BlueClaws : RHP Gregorio Padilla
Pitching: RHP Lance Brisson
Batting: RHB Enrique Aguirre 0-0: Foul Ball, location: 2F
0-1: Called Strike
0-2: Ball
1-2: DOUBLE (Line Drive, 9LS, EV 105.6 MPH)
Batting: RHB Sam Callahan 0-0: Called Strike
0-1: Ball
1-1: Called Strike
1-2: Foul Ball, location: 2F
1-2: Foul Ball, location: 2F
1-2: Strikes out swinging
Batting: RHB Jake Geib 0-0: Called Strike
0-1: Swinging Strike
0-2: Ball
1-2: SINGLE (Flyball, 5D, EV 84.4 MPH)
Enrique Aguirre to third
Batting: LHB Jeremy Moorehead 0-0: SINGLE (Groundball, 34D, EV 105.0 MPH)
Enrique Aguirre scores
Jake Geib to second
Runner from 2nd tries for 3rd, SAFE, throw by RF made to third
Batting: RHB Ryan Marler 0-0: Fly out, F9 (Flyball, 89M, EV 89.4 MPH)
Batting: RHB Reginald McDougall 0-0: Swinging Strike
0-1: SINGLE (Flyball, 34D, EV 85.6 MPH)
Jake Geib scores
Jeremy Moorehead to second
Runner from 2nd tries for 3rd, SAFE, no throw by RF
Pitching: RHP Ron Knowles
Batting: SHB Tyler Maddux 0-0: Ground out 4-3 (Groundball, 4, EV 81.2 MPH)
Bottom of the 8th over - 2 runs, 4 hits, 0 errors, 2 left on base; Lakewood 3 - Binghamton 4
TOP OF THE 9TH
Lakewood BlueClaws batting - Pitching for Binghamton Mets : LHP Scott Carr
Pitching: RHP Casey Cuomo
Batting: RHB Mike Maserang 0-0: Ball
1-0: SINGLE (Groundball, 56D, EV 109.4 MPH)
Batting: SHB Brett St. Clair 0-0: Ground out 4-3 (Groundball, 34D, EV 106.2 MPH)
Mike Maserang to second
Batting: LHB Eric Farren 0-0: Foul Ball, location: 2F
0-1: Called Strike
0-2: Ball
1-2: Ground out 6-3 (Groundball, 6, EV 80.6 MPH)
Batting: RHB Juan Valadez 0-0: Ball
1-0: Foul Ball, location: 2F
1-1: Foul Ball, location: 2F
1-2: Strikes out looking
Top of the 9th over - 0 runs, 1 hit, 0 errors, 1 left on base; Lakewood 3 - Binghamton 4
Sunday, July 16th , 2023 - OOTP Baseball 24.6 Build 69